 Dungeon Crawl Stone Soup version 0.31-a0-876-gfe8ebadbca (webtiles) character file.

Game seed: 15375756501031636544

343670 Gladio the Hoplite (level 23, -39/183 HPs)
             Began as a Formicid Fighter on Oct 14, 2023.
             Was the Champion of Hepliaklqana.
             Killed by an exploding quicksilver dragon (61 damage)
             ... ignited by their inner flame
             ... on level 5 of the Vaults.
             The game lasted 01:41:58 (39268 turns).

Gladio the Hoplite (Formicid Fighter)              Turns: 39268, Time: 01:42:28

Health: -39/183    AC: 31    Str: 33    XL:     23   Next: 6%
Magic:  30/30      EV: 18    Int:  9    God:    Hepliaklqana [******]
Gold:   2579       SH: 23    Dex: 13    Spells: 22/22 levels left

rFire   . . .        O - +7 lajatang of Order {silver, rMut}
rCold   . . .        a - +0 tower shield
rNeg    . . .        t - +2 plate armour {Will+}
rPois   +            (helmet unavailable)
rElec   .            c - +0 cloak
rCorr   .            I - +2 pair of gloves
SInv    +            J - +2 pair of boots
Will    +++..        e - amulet of regeneration Stlth
                     d - ring of Viusk {+Blink rPois Str+2}
HPRegen 1.30/turn    U - +5 ring of evasion
MPRegen 0.22/turn

%: resist mutation
@: mighty, studying 4 skills
A: reduced essence, permanent stasis, dig shafts and tunnels, antennae 3, four
strong arms
}: 2/15 runes: barnacled, gossamer
a: Dig, Shaft Self, Renounce Religion, Recall Ancestor, Ancestor Identity,
Transference, Idealise


You were on level 5 of the Vaults.
You worshipped Hepliaklqana.
Hepliaklqana was exalted by your worship.
You visited 8 branches of the dungeon, and saw 37 of its levels.
You also visited: Trove, Ossuary and Bailey.

You collected 3224 gold pieces.
You spent 645 gold pieces at shops.

Inventory:

Hand Weapons
 O - the +7 lajatang of Order (weapon) {silver, rMut}
   (You acquired it in a bailey)

   rMut:      It protects you from mutation.
 X - a +6 demon trident of electrocution
Missiles
 k - a throwing net
 Q - 26 boomerangs
Armour
 a - a +0 tower shield (worn)
 c - a +0 cloak (worn)
 t - a +2 plate armour of willpower (worn)
 y - +0 shadow dragon scales
 I - a +2 pair of gloves (worn)
 J - a +2 pair of boots (worn)
 S - a +2 kite shield
Jewellery
 b - a ring of positive energy
 d - the ring of Viusk (left hand) {+Blink rPois Str+2}
   (You found it on level 3 of the Spider Nest)

   [ring of poison resistance]

   Str+2:     It affects your strength (+2).
   rPois:     It protects you from poison +Blink: It lets you blink.
 e - an amulet of regeneration (around neck)
 h - a +6 ring of strength
 p - a ring of fire
 E - a ring of resist corrosion
 T - a +5 ring of evasion
 U - a +5 ring of evasion (right hand)
 Y - the ring of Puitifuu {Fire rPois Str+6 Int+3 Slay-3}
   (You found it on level 14 of the Dungeon)

   [ring of fire]

   Fire:      It enhances your fire magic.
   Str+6:     It affects your strength (+6).
   Int+3:     It affects your intelligence (+3).
   Slay-3:    It affects your accuracy & damage with ranged weapons and melee
   (-3).
   rF+:       It protects you from fire.
   rC-:       It makes you vulnerable to cold.
   rPois:     It protects you from poison
Wands
 f - a wand of flame (73)
 u - a wand of iceblast (17)
 v - a wand of charming (21)
 L - a wand of polymorph (13)
 Z - a wand of digging (9)
Scrolls
 m - 3 scrolls of vulnerability
 n - 5 scrolls of enchant armour
 o - 2 scrolls of silence
 q - 4 scrolls of noise
 w - 3 scrolls of poison
 x - 3 scrolls of revelation
 A - 4 scrolls of fog
 B - 4 scrolls of immolation
 K - 4 scrolls of torment
 P - 4 scrolls of enchant weapon
 R - 5 scrolls of amnesia
 V - 2 scrolls of brand weapon
 W - 8 scrolls of identify
Potions
 g - 10 potions of enlightenment
 i - 3 potions of heal wounds
 j - 2 potions of cancellation
 l - 9 potions of ambrosia
 r - 3 potions of mutation
 s - 20 potions of curing
 D - 3 potions of attraction
 F - 4 potions of might
 G - 4 potions of lignification
 H - a potion of invisibility
 N - 2 potions of magic


   Skills:
 * Level 22.4 Fighting
 - Level 11.1(15.2) Polearms
 - Level 16.7(18.0) Staves
 + Level 20.8 Armour
 - Level 11.0 Dodging
 + Level 23.6 Shields
 + Level 10.2 Invocations


You had 22 spell levels left.
You didn't know any spells.
Your spell library contained the following spells:

 Spells                   Type           Power      Damage    Failure   Level
 Apportation              Tloc           0%         N/A       86%         1
 Foxfire                  Conj/Fire      0%         2x1d4     86%         1
 Kiss of Death            Conj/Necr      0%         2d5       86%         1
 Magic Dart               Conj           0%         1d3       86%         1
 Necrotise                Necr           0%         1d4       86%         1
 Sandblast                Erth           0%         2d4       86%         1
 Shock                    Conj/Air       0%         1d3       86%         1
 Sting                    Tmut/Pois      0%         1d3       86%         1
 Summon Small Mammal      Summ           0%         N/A       86%         1
 Call Imp                 Summ           0%         N/A       95%         2
 Cigotuvi's Dreadful Rot  Necr/Pois/Air  0%         N/A       95%         2
 Jinxbite                 Hex            0%         N/A       95%         2
 Lesser Beckoning         Tloc           0%         N/A       95%         2
 Passwall                 Tmut/Erth      0%         N/A       95%         2
 Poisonous Vapours        Pois/Air       0%         N/A       95%         2
 Scorch                   Fire           0%         2d5       95%         2
 Sublimation of Blood     Necr           0%         N/A       95%         2
 Wereblood                Tmut           0%         N/A       95%         2
 Call Canine Familiar     Summ           0%         N/A       99%         3
 Dazzling Flash           Conj/Hex       0%         N/A       99%         3
 Gell's Gravitas          Tloc           0%         N/A       99%         3
 Ignite Poison            Fire/Tmut/Pois 0%         N/A       99%         3
 Inner Flame              Hex/Fire       0%         N/A       99%         3
 Mephitic Cloud           Conj/Pois/Air  0%         N/A       99%         3
 Ozocubu's Armour         Ice            0%         N/A       99%         3
 Stone Arrow              Conj/Erth      0%         3d7       99%         3
 Summon Guardian Golem    Hex/Summ       0%         N/A       99%         3
 Teleport Other           Tloc           0%         N/A       99%         3
 Vampiric Draining        Necr           0%         2d6       99%         3
 Volatile Blastmotes      Fire/Tloc      0%         2d10      99%         3
 Animate Armour           Summ/Erth      0%         N/A       100%        4
 Animate Dead             Necr           0%         N/A       100%        4
 Flame Wave               Conj/Fire      0%         2d4       100%        4
 Fulminant Prism          Conj/Hex       0%         3d5       100%        4
 Petrify                  Tmut/Erth      0%         N/A       100%        4
 Sticky Flame             Conj/Fire      0%         2d3       100%        4
 Summon Lightning Spire   Summ/Air       0%         N/A       100%        4
 Agony                    Necr           0%         N/A       100%        5
 Alistair's Intoxication  Tmut/Pois      0%         N/A       100%        5
 Fireball                 Conj/Fire      0%         3d3       100%        5
 Freezing Cloud           Conj/Ice/Air   0%         6-21      100%        5
 Lee's Rapid Deconstruct  Erth           0%         3d4*      100%        5
 Metabolic Englaciation   Hex/Ice        0%         N/A       100%        5
 Eringya's Noxious Bog    Tmut/Pois      0%         4d6       100%        6
 Plasma Beam              Fire/Air       0%         2x1d10    100%        6
 Simulacrum               Ice/Necr       0%         N/A       100%        6
 Starburst                Conj/Fire      0%         6d3       100%        6
 Summon Cactus Giant      Summ           0%         N/A       100%        6
 Haunt                    Necr/Summ      0%         N/A       100%        7
 Orb of Destruction       Conj           0%         9d5       100%        7
 Ozocubu's Refrigeration  Ice            0%         4d7       100%        7
 Spellforged Servitor     Conj/Summ      0%         N/A       100%        7
 Summon Hydra             Summ           0%         N/A       100%        7
 Borgnjor's Revivificati  Necr           0%         N/A       100%        8
 Infestation              Necr           0%         N/A       100%        8
 Lehudib's Crystal Spear  Conj/Erth      0%         10d2      100%        8
 Maxwell's Capacitive Co  Air            0%         ∞         100%        8
 Death's Door             Necr           0%         N/A       100%        9
 Shatter                  Erth           0%         3d5*      100%        9


Dungeon Overview and Level Annotations

Branches:
Dungeon (15/15)            Temple (1/1) D:4            Lair (5/5) D:8
 Shoals (4/4) Lair:2       Spider (4/4) Lair:3        Slime (0/5) Lair:4
    Orc (2/2) D:9             Elf (1/3) Orc:2        Vaults (5/5) D:13
  Crypt (0/3) Vaults:3     Depths (0/4) D:15        Ossuary (visited)
 Bailey (visited)

Altars:
Ashenzari
Cheibriados
Dithmenos
Elyvilon
Fedhas
Gozag
Hepliaklqana
Kikubaaqudgha
Makhleb
Nemelex Xobeh
Okawaru
Qazlal
Ru
Sif Muna
Trog
Uskayaw
Vehumet
Wu Jian
Xom
Yredelemnul
Zin
The Shining One

Shops:
D:7 :   D:10 =   D:13 (   Orc:2 [*=:?![   Vaults:2 [   Vaults:4 (

Annotations:
D:9 2 runed translucent doors
Spider:2 2 transporters, Hutybuo's ghost, adept HuCj; Kys Gask's ghost, adept HOFi


Innate Abilities, Weirdness & Mutations

Your life essence is reduced to manifest your ancestor. (-10% HP)
You cannot be hasted, slowed, berserked, paralysed or teleported.
You can dig through walls and to a lower floor.
You have a pair of large antennae on your head. (SInv)
Your four strong arms can wield two-handed weapons with a shield.


Message History

The fiery explosion engulfs the vault guard!!
Flame seeps out of the vault guard.
The vault guard is heavily wounded.
The vault guard explodes!
The fiery explosion engulfs the vault guard!! x2
Flame seeps out of the vault guard.
The vault guard is severely wounded.
The fiery explosion engulfs the vault guard!!
The vault guard explodes!
The fiery explosion engulfs the vault guard!
Flame seeps out of the vault guard.
The vault guard is lightly wounded.
The vault guard explodes!
The fiery explosion engulfs the vault guard!
Flame seeps out of the vault guard.
The vault guard is moderately wounded.
The fiery explosion engulfs the war gargoyle!
The war gargoyle resists.
Flame seeps out of the war gargoyle.
The war gargoyle is heavily damaged.
The fiery explosion engulfs the vault guard!! x2
Flame seeps out of the vault guard.
The vault guard is moderately wounded.
The vault guard explodes!
The fiery explosion engulfs the vault guard!!!
Flame seeps out of the vault guard.
The vault guard is almost dead.
The quicksilver dragon explodes!
The fiery explosion engulfs the brown very ugly thing!!!
The brown very ugly thing is heavily wounded.
The fiery explosion engulfs the war gargoyle!!
The war gargoyle resists.
Flame seeps out of the war gargoyle.
The war gargoyle is almost destroyed.
The fiery explosion engulfs the vault guard!!
Flame seeps out of the vault guard.
The vault guard is moderately wounded.
The fiery explosion engulfs the vault guard!!
Flame seeps out of the vault guard.
The vault guard is heavily wounded.
The fiery explosion engulfs you!!!
You die...

##§#§§§§# p#
§§#§§§§#§T#
##§#§§§§#T§§
,§§.§..§§§§§
#####upp§p§§§##
§§§§§§§9§§§.§§§
§§§§§§§§§§§p.§§
§§§§§○§@§§§§..§
§§§§§○§§§§§§.§§
#####§°§§§§.§##
§§§9○§§§§§§#
§§§.#§§.§#§§§
##§§##§§§§# §#
##§ #§§§§# # #§
#§§§§#


You could see an ironbound preserver, a brown very ugly thing (poisoned), 4
vault guards, 2 deep trolls and 2 war gargoyles.

Vanquished Creatures
  Jorgrun (Orc:1)
  Rupert (D:13)
  2 sphinxes
  A quicksilver dragon (Vaults:5)
  Agnes (Elf:1)
  Aizul (Spider:4)
  2 vault wardens (Vaults:4)
  6 emperor scorpions (Spider:4)
  A ghost moth (Spider:2)
  3 broodmothers
  3 orc warlords
  8 ironbound preservers
  A war gargoyle (Vaults:3)
  3 formless jellyfish
  A stone giant (Vaults:5)
  2 ironbound thunderhulks
  2 spark wasps
  17 dire elephants
  A deep elf high priest (Vaults:4)
  A merfolk javelineer (Shoals:4)
  3 entropy weavers
  4 great orbs of eyes
  5 merfolk impalers
  6 yaktaur captains
  4 hydras
  A jorogumo (Spider:3)
  4 radroaches
  A merfolk avatar (Shoals:2)
  5 peacekeepers
  A ghost crab (Spider:3)
  26 vault guards
  4 merfolk aquamancers
  2 catoblepae
  2 ogre magi (D:15)
  2 boulder beetles
  6 ironbound frosthearts
  2 centaur warriors
  A satyr (Shoals:4)
  3 alligator snapping turtles
  4 two-headed ogres
  2 tengu warriors (D:13)
  12 death yaks
  6 demonic crawlers
  5 orc high priests
  A deep elf knight (Elf:1)
  2 spectral death yaks (Lair:5)
  33 deep trolls
  A skyshark (Lair:4)
  10 sea snakes
  5 orb spiders
  A glowing orange brain (D:15)
  4 lindwurms
  An obsidian statue (Lair:5)
  5 ironbound convokers
  4 wizards
  9 harpies
  8 steelbarb worms
  4 deep elf pyromancers
  13 orc knights
  6 cyclopes
  19 wolf spiders
  4 deep elf zephyrmancers (Elf:1)
  A necromancer (Lair:5)
  3 orc sorcerers
  2 moths of wrath
  15 ugly things
  5 merfolk sirens
  11 manticores
  11 elephants
  A moth of wrath (shapeshifter) (D:15)
  11 vault sentinels
  A water nymph (Shoals:2)
  2 black mambas
  6 torpor snails
  A gargoyle (D:12)
  An unseen horror (D:13)
  6 cane toads
  A dire elephant skeleton (Lair:5)
  A kobold demonologist (D:10)
  2 rime drakes (Lair:5)
  An efreet (D:14)
  3 komodo dragons
  20 yaktaurs
  A polar bear (Lair:2)
  5 meliai
  6 trolls
  11 tarantellas
  6 merfolk
  A wolf spider simulacrum (D:15)
  4 wind drakes
  5 blink frogs (Lair:2)
  3 tyrant leeches (Spider:3)
  5 snapping turtles
  11 dream sheep
  A hornet (D:8)
  An elf zombie (Vaults:3)
  20 slime creatures
  25 jumping spiders
  A stone giant simulacrum (Vaults:3)
  A culicivora (shapeshifter) (D:13)
  A jumping spider (shapeshifter) (D:15)
  A centaur simulacrum (D:14)
  2 shadows (D:10)
  3 water elementals
  8 culicivoras
  2 wraiths
  29 yaks
  4 wyverns
  Grum (D:10)
  A hog (Shoals:1)
  2 basilisks
  24 redbacks
  A death yak simulacrum (D:13)
  11 vampire mosquitoes
  3 acid dragons
  A glowing shapeshifter zombie (Vaults:3)
  Duvessa (D:5)
  2 spectral cane toads (Lair:5)
  3 wargs
  12 water moccasins
  25 orc warriors
  An ice beast (D:8)
  An elephant zombie (Lair:5)
  A sky beast (D:8)
  2 black bears
  6 ogres
  11 centaurs
  5 boggarts
  8 wolves
  An elephant skeleton (Lair:5)
  A kobold brigand (D:6)
  12 bullfrogs
  Blork the orc (D:4)
  A cane toad simulacrum (Lair:5)
  9 scorpions
  A two-headed ogre simulacrum (D:13)
  3 gnoll sergeants
  8 wights
  Dowan (D:5)
  An elephant simulacrum (Lair:5)
  2 killer bees (D:8)
  An electric eel (Lair:3)
  A vampire bat (D:5)
  12 howler monkeys
  4 centaur zombies (Ossuary)
  2 human zombies (Ossuary)
  A hound (D:5)
  A jelly (D:6)
  14 orc priests
  A gnoll bouda (D:9)
  A sleepcap (D:7)
  2 iguanas
  12 orc wizards
  4 scorpion zombies (Ossuary)
  3 troll simulacra (D:13)
  A hound zombie (D:3)
  2 mummies (Ossuary)
  Robin (D:4)
  8 gnolls
  6 adders
  An ufetubus (D:7)
  A worm (D:2)
  2 dart slugs
  2 fire bats (D:5)
  35 orcs
  A spectral bat (D:5)
  12 bats
  A bat skeleton (D:5)
  6 endoplasms
  3 giant cockroaches
  18 goblins
  9 hobgoblins
  11 kobolds
  4 quokkas
  4 ball pythons
  A ball python zombie (D:3)
  A bat simulacrum (D:5)
  2 frilled lizards
  2 gnoll zombies (Ossuary)
  A goblin zombie (Ossuary)
  An orc zombie (Ossuary)
  8 rats
927 creatures vanquished.

Vanquished Creatures (collateral kills)
  Arachne (Spider:4)
  Mlioglotl (Shoals:4)
  Asterion (Vaults:1)
  Polyphemus (Shoals:4)
  Kirke (Shoals:1)
  3 emperor scorpions (Spider:4)
  A frost giant (Shoals:4)
  2 vault wardens
  An orc warlord (Vaults:4)
  An ironbound thunderhulk (Vaults:1)
  2 war gargoyles (Vaults:3)
  2 formless jellyfish
  7 ironbound preservers
  7 dire elephants
  Snorg (Orc:2)
  A merfolk javelineer (Shoals:4)
  A merfolk impaler (Shoals:4)
  A crystal guardian (Vaults:3)
  7 vault guards
  A great orb of eyes (Vaults:4)
  A yaktaur captain (Vaults:1)
  A jorogumo (Spider:1)
  5 ironbound frosthearts
  2 catoblepae
  2 centaur warriors
  An ogre mage (Orc:2)
  4 merfolk aquamancers
  3 boulder beetles
  4 hydras
  6 two-headed ogres
  3 alligator snapping turtles (Shoals:4)
  2 merfolk avatars
  3 death yaks
  A radroach (Spider:3)
  A tengu warrior (D:14)
  2 satyrs (Shoals:2)
  An orc high priest (Orc:2)
  Urug (Orc:1)
  4 skysharks
  A pharaoh ant (Spider:3)
  A spectral anaconda (Lair:5)
  6 sea snakes
  9 deep trolls
  3 orb spiders
  3 steelbarb worms
  11 harpies
  2 lindwurms
  A wizard (Vaults:2)
  2 deep elf pyromancers
  6 ironbound convokers
  3 necromancers
  A deep elf zephyrmancer (Elf:1)
  4 orc knights
  An oklob plant (Lair:4)
  9 ugly things
  5 cyclopes
  2 orc sorcerers (Orc:2)
  7 wolf spiders
  6 fauns (Shoals:2)
  2 moths of wrath
  6 manticores
  4 black mambas
  5 elephants
  3 water nymphs (Shoals:2)
  A torpor snail (Spider:1)
  8 vault sentinels
  2 cane toads (Lair:1)
  A dire elephant zombie (Lair:5)
  A yaktaur (shapeshifter) (D:15)
  2 unseen horrors
  4 komodo dragons
  10 yaktaurs
  8 merfolk
  4 meliai
  3 trolls
  6 tarantellas
  A wind drake (Lair:2)
  A hornet (D:7)
  6 snapping turtles
  11 dream sheep
  8 slime creatures
  8 jumping spiders
  2 water elementals
  A wyvern (D:9)
  8 yaks
  A wraith (D:10)
  3 culicivoras
  A hog (Shoals:1)
  A steam dragon (D:6)
  4 vampire mosquitoes
  12 redbacks
  4 basilisks
  2 acid dragons
  4 water moccasins
  An ice beast (Vaults:2)
  16 orc warriors
  A sky beast (D:8)
  3 black bears
  An elephant zombie (Lair:5)
  4 ogres
  4 wolves (Lair:5)
  2 boggarts
  6 centaurs
  An elephant skeleton (Lair:5)
  A kobold brigand (D:7)
  4 bullfrogs
  A two-headed ogre simulacrum (D:13)
  3 scorpions
  2 wights (D:10)
  3 killer bees (D:8)
  4 howler monkeys
  4 electric eels
  2 hounds
  9 orc priests
  3 jellies
  3 scorpion zombies (Ossuary)
  An iguana (D:6)
  9 orc wizards
  A spriggan simulacrum (D:13)
  A wolf simulacrum (D:13)
  A mummy (Ossuary)
  4 gnolls
  An adder (D:6)
  A shadow imp (D:8)
  4 bats (D:5)
  2 white imps
  A dart slug (D:9)
  A fire bat (D:5)
  38 orcs
  A spectral bat (D:5)
  2 bat skeletons (D:5)
  A bat zombie (D:5)
  7 goblins
  4 hobgoblins
  8 kobolds
  2 kobold zombies (Ossuary)
489 creatures vanquished.

Vanquished Creatures (others)
  A merfolk aquamancer (Shoals:2)
  A water nymph (Shoals:4)
  A tyrant leech (Spider:3)
  2 humans (Shoals:1)
  34 battlemagi
  3 ancestors (Ossuary)
  A hobgoblin (Bailey)
43 creatures vanquished.

Grand Total: 1459 creatures vanquished

Notes
Turn   | Place    | Note
-------+----------+-------------------------------------------
     0 | D:1      | Gladio the Formicid Fighter began the quest for the Orb.
     0 | D:1      | Reached XP level 1. HP: 18/18 MP: 1/1
    79 | D:1      | Reached XP level 2. HP: 24/24 MP: 2/2
   448 | D:1      | Reached XP level 3. HP: 26/29 MP: 3/3
   895 | D:2      | Reached XP level 4. HP: 37/37 MP: 4/4
  1534 | D:3      | Found a faded altar of an unknown god.
  1565 | D:3      | Prayed at the altar of an unknown god.
  1565 | D:3      | Became a worshipper of Hepliaklqana the Forgotten
  1565 | D:3      | Reached * piety under Hepliaklqana
  1721 | D:3      | Reached XP level 5. HP: 37/37 MP: 5/5
  1774 | D:3      | Found a bloodstained altar of Trog.
  1801 | D:3      | Found a basalt altar of Yredelemnul.
  1910 | D:4      | Found a staircase to the Ecumenical Temple.
  1940 | D:4      | Noticed Blork the orc
  1946 | D:4      | Reached skill level 5 in Shields
  1948 | D:4      | Noticed a black bear
  1954 | D:4      | Killed Blork the orc
  1955 | D:4      | Reached XP level 6. HP: 25/43 MP: 6/6
  1958 | Temple   | Entered the Ecumenical Temple
  2053 | D:4      | Found a blossoming altar of Fedhas.
  2095 | D:4      | Noticed Robin
  2108 | D:4      | Killed Robin
  2216 | D:4      | Killed a black bear
  2463 | D:5      | Entered Level 5 of the Dungeon
  2463 | D:5      | Noticed an ogre
  2468 | D:5      | Killed an ogre
  2469 | D:5      | Reached skill level 5 in Armour
  2469 | D:5      | Reached XP level 7. HP: 30/49 MP: 7/7
  2477 | D:5      | Reached skill level 5 in Polearms
  2515 | D:5      | Noticed a water moccasin
  2536 | D:5      | Killed a water moccasin
  2537 | D:5      | Reached skill level 5 in Fighting
  2537 | D:5      | Reached skill level 6 in Shields
  2615 | D:5      | Reached XP level 8. HP: 49/55 MP: 8/8
  2675 | D:5      | Noticed Dowan
  2675 | D:5      | Noticed Duvessa
  2689 | D:5      | Killed Duvessa
  2690 | D:5      | Killed Dowan
  2897 | D:5      | Found a sand-covered staircase.
  2907 | Ossuary  | Entered an ossuary
  3008 | Ossuary  | Reached skill level 7 in Shields
  3014 | Ossuary  | Reached ** piety under Hepliaklqana
  3053 | Ossuary  | Reached XP level 9. HP: 62/62 MP: 9/9
  3420 | D:5      | Remembered your ancestor Pilum as a battlemage
  3653 | D:5      | Reached skill level 8 in Shields
  3747 | D:5      | Reached skill level 1 in Invocations
  3923 | D:5      | Found a sparkling altar of Nemelex Xobeh.
  3929 | D:5      | Found a shimmering blue altar of Sif Muna.
  3929 | D:5      | Found a hazy altar of Hepliaklqana.
  3930 | D:5      | Found an opulent altar of Gozag.
  3931 | D:5      | Found a white marble altar of Elyvilon.
  4739 | D:6      | Reached XP level 10. HP: 58/71 MP: 11/11
  5109 | D:7      | Found Jikhulif's Book Emporium.
  5317 | D:7      | Reached *** piety under Hepliaklqana
  5617 | D:7      | Reached skill level 9 in Shields
  6122 | D:8      | Reached skill level 10 in Armour
  6205 | D:8      | Found a staircase to the Lair.
  6567 | D:8      | Reached **** piety under Hepliaklqana
  6909 | D:8      | Reached XP level 11. HP: 52/77 MP: 14/14
  6918 | D:8      | Reached skill level 10 in Polearms
  6919 | D:8      | Reached skill level 5 in Invocations
  7067 | D:8      | Found a glowing silver altar of Zin.
  7250 | D:9      | Found a flagged portal.
  7322 | Bailey   | Entered a bailey
  7464 | Bailey   | Found an iron altar of Okawaru.
  7464 | Bailey   | Noticed an orc sorcerer
  7464 | Bailey   | Noticed an orc high priest
  7476 | Bailey   | Killed an orc sorcerer
  7477 | Bailey   | Reached skill level 10 in Shields
  7486 | Bailey   | Killed an orc high priest
  7986 | Bailey   | Acquired the +0 plate armour "Rioxkips" {rC+ Regen+}
  7987 | Bailey   | Acquired the +7 lajatang of Order {silver, rMut}
  7987 | Bailey   | Found the +7 lajatang of Order {silver, rMut}
  8184 | D:9      | Reached skill level 1 in Staves
  8235 | D:9      | Found a shadowy altar of Dithmenos.
  8297 | D:9      | Found a snail-covered altar of Cheibriados.
  8426 | D:9      | Found a staircase to the Orcish Mines.
  8694 | D:9      | Found a large runed translucent door.
  8695 | D:9      | Found a large runed translucent door.
  8699 | D:9      | Noticed a cyclops
  8705 | D:9      | Found a large runed translucent door.
  8705 | D:9      | Found a large runed translucent door.
  8750 | D:9      | Reached ***** piety under Hepliaklqana
  8778 | D:9      | Noticed a brown ugly thing
  8784 | D:9      | Killed a brown ugly thing
  8993 | D:9      | Noticed a two-headed ogre
  9010 | D:9      | Killed a two-headed ogre
  9011 | D:9      | Reached XP level 12. HP: 43/85 MP: 15/17
  9225 | D:9      | Found a glowing golden altar of the Shining One.
  9298 | D:9      | Reached skill level 11 in Shields
  9347 | D:10     | Entered Level 10 of the Dungeon
  9362 | D:10     | Found an ornate altar of the Wu Jian Council.
  9491 | D:10     | Noticed Grum
  9502 | D:10     | Killed Grum
  9531 | D:10     | Reached skill level 5 in Staves
  9721 | D:10     | Noticed a two-headed ogre
  9725 | D:10     | Reached skill level 10 in Fighting
  9733 | D:10     | Killed a two-headed ogre
 10308 | D:10     | Found Eklagrar's Jewellery Shoppe.
 10686 | Lair:1   | Entered Level 1 of the Lair of Beasts
 10770 | Lair:1   | Reached XP level 13. HP: 72/92 MP: 19/19
 11035 | Lair:1   | Reached skill level 12 in Shields
 11581 | Lair:2   | Noticed an eight-headed hydra
 11589 | Lair:2   | Killed a nine-headed hydra
 11608 | Lair:2   | Found a staircase to the Shoals.
 11722 | Lair:2   | Found a sacrificial altar of Ru.
 11874 | Lair:2   | Reached ****** piety under Hepliaklqana
 12375 | Lair:3   | Reached skill level 13 in Shields
 12471 | Lair:3   | Reached skill level 15 in Armour
 12584 | Lair:3   | Found an iron altar of Okawaru.
 12602 | Lair:3   | Noticed a catoblepas
 12608 | Lair:3   | Killed a catoblepas
 12609 | Lair:3   | Reached XP level 14. HP: 101/101 MP: 20/20
 12637 | Lair:3   | Found a hole to the Spider Nest.
 13107 | Lair:4   | Found a broken altar of Ashenzari.
 13117 | Lair:4   | Found a staircase to the Slime Pits.
 13168 | Lair:4   | Reached skill level 10 in Staves
 13719 | Lair:5   | Entered Level 5 of the Lair of Beasts
 13955 | Lair:4   | Reached skill level 14 in Shields
 14439 | Lair:4   | Reached XP level 15. HP: 100/109 MP: 21/21
 15284 | Lair:5   | Reached skill level 15 in Shields
 15422 | Lair:5   | Identified the +2 spear of Nownih {heavy, Contam rN+
                  | Stlth+}
 15722 | D:11     | Got an inconspicuous book
 16497 | D:12     | Reached skill level 1 in Dodging
 16548 | D:12     | Found an opulent altar of Gozag.
 17751 | Orc:1    | Entered Level 1 of the Orcish Mines
 18134 | Orc:1    | Noticed Jorgrun
 18138 | Orc:1    | Noticed Urug
 18145 | Orc:1    | Killed Jorgrun
 18150 | Orc:1    | Killed Urug
 18535 | Orc:2    | Entered Level 2 of the Orcish Mines
 18535 | Orc:2    | Noticed Snorg
 18544 | Orc:2    | Killed Snorg
 18547 | Orc:2    | Noticed an orc warlord
 18702 | Orc:1    | Killed an orc warlord
 18703 | Orc:1    | Reached XP level 16. HP: 9/118 MP: 22/22
 19566 | Orc:2    | Found Vereu's Book Boutique.
 19566 | Orc:2    | Found Ravoliti's Jewellery Emporium.
 19663 | Orc:2    | Found Zanir's Armour Shoppe.
 19663 | Orc:2    | Found a staircase to the Elven Halls.
 19673 | Orc:2    | Bought a +1 pair of boots for 161 gold pieces
 20291 | Orc:2    | Found Etiskan's Antique Armour Shop.
 20294 | Orc:2    | Found Zuggucs's Distillery.
 20305 | Orc:2    | Found Naydd's Magic Scroll Emporium.
 20321 | Orc:2    | Found Affudac's Assorted Antiques.
 20328 | Orc:2    | Bought a potion of resistance for 110 gold pieces
 20328 | Orc:2    | Bought a potion of might for 44 gold pieces
 20328 | Orc:2    | Bought a potion of resistance for 110 gold pieces
 20340 | Orc:2    | Bought a scroll of revelation for 82 gold pieces
 20340 | Orc:2    | Bought a scroll of revelation for 82 gold pieces
 20343 | Orc:2    | Bought a scroll of identify for 56 gold pieces
 20630 | D:13     | Noticed Rupert
 20641 | D:13     | Killed Rupert
 20642 | D:13     | Reached skill level 16 in Shields
 20705 | D:13     | Found a frozen archway.
 20824 | D:13     | Found a white marble altar of Elyvilon.
 20915 | D:13     | Found a transporter.
 20915 | D:13     | Found Ruocaeb's Antique Weapon Emporium.
 21003 | D:13     | Found a transporter.
 21263 | D:13     | Found a gate to the Vaults.
 21277 | D:13     | Reached skill level 15 in Fighting
 22146 | D:14     | Identified the ring of Puitifuu {Fire rPois Str+6 Int+3
                  | Slay-3}
 22345 | D:14     | Identified the +5 long sword of Makhleb's Whim {protect,
                  | +Blink rF- Int+5 Stlth+}
 22450 | D:14     | Found a portal to a secret trove of treasure.
 22491 | D:14     | You paid a toll of 4 potions of resistance to enter a
                  | treasure trove
 22492 | Trove    | Identified Settomairch's Monograph on the Changing Quarry
                  | (Sif Muna gifted it to you in a treasure trove)
 22492 | Trove    | Identified Sif Muna's Almanac of Energy (Sif Muna gifted it
                  | to you in a treasure trove)
 22492 | Trove    | Entered a treasure trove
 22731 | D:15     | Entered Level 15 of the Dungeon
 22910 | D:15     | Reached skill level 5 in Dodging
 22910 | D:15     | Reached XP level 17. HP: 127/127 MP: 23/23
 23132 | D:15     | Found a staircase to the Depths.
 23340 | D:15     | Reached skill level 17 in Shields
 23763 | Spider:1 | Entered Level 1 of the Spider Nest
 24333 | Spider:1 | Identified the +0 helmet of Vyimuang {rElec rPois rN+
                  | Regen+ Dex-2}
 25154 | Spider:2 | Noticed Kys Gask's ghost (adept HOFi)
 25155 | Spider:2 | Noticed Hutybuo's ghost (adept HuCj)
 25157 | Spider:2 | Found a transporter.
 25575 | Spider:2 | Reached skill level 18 in Shields
 25824 | Spider:2 | Found a transporter.
 27774 | Spider:3 | Identified the ring of Viusk {+Blink rPois Str+2}
 27893 | Spider:3 | Reached XP level 18. HP: 48/127 MP: 24/24
 28774 | Spider:4 | Entered Level 4 of the Spider Nest
 29050 | Spider:4 | Noticed Arachne
 29098 | Spider:4 | Killed Arachne
 29186 | Spider:4 | Noticed Aizul
 29198 | Spider:4 | Killed Aizul
 29206 | Spider:4 | Reached skill level 19 in Shields
 29675 | Spider:4 | Reached skill level 15 in Staves
 29800 | Spider:4 | Got a gossamer rune of Zot
 30088 | Shoals:1 | Entered Level 1 of the Shoals
 30408 | Shoals:1 | Noticed Kirke
 30417 | Shoals:1 | Killed Kirke
 30544 | Shoals:1 | Reached XP level 19. HP: 139/146 MP: 25/25
 30609 | Shoals:1 | Identified the +0 leather armour "Seutin" {Int+3}
 30664 | Shoals:1 | Reached skill level 20 in Shields
 31746 | Shoals:3 | Reached XP level 20. HP: 156/156 MP: 26/26
 31993 | Shoals:3 | Reached skill level 21 in Shields
 32087 | Shoals:4 | Entered Level 4 of the Shoals
 32156 | Shoals:4 | Noticed Mlioglotl
 32165 | Shoals:4 | Killed Mlioglotl
 32439 | Shoals:4 | Noticed Polyphemus
 32455 | Shoals:4 | Killed Polyphemus
 32958 | Shoals:4 | Reached XP level 21. HP: 163/163 MP: 27/27
 33176 | Shoals:4 | Got a barnacled rune of Zot
 33486 | Vaults:1 | Entered Level 1 of the Vaults
 33688 | Elf:1    | Entered Level 1 of the Elven Halls
 33688 | Elf:1    | Noticed Agnes
 33697 | Elf:1    | Killed Agnes
 34195 | Vaults:1 | Noticed Asterion
 34204 | Vaults:1 | Killed Asterion
 34205 | Vaults:1 | Reached skill level 22 in Shields
 35459 | Vaults:2 | Reached skill level 10 in Dodging
 35950 | Vaults:2 | Found Pahec's Armour Shoppe.
 36525 | Vaults:3 | Reached XP level 22. HP: 174/174 MP: 28/28
 36980 | Vaults:3 | Reached skill level 23 in Shields
 37030 | Vaults:3 | Found a staircase to the Crypt.
 37030 | Vaults:3 | Found a basalt altar of Yredelemnul.
 37031 | Vaults:3 | Found an ancient bone altar of Kikubaaqudgha.
 38393 | Vaults:4 | Reached skill level 10 in Invocations
 38416 | Vaults:4 | Reached XP level 23. HP: 121/183 MP: 30/30
 38741 | Vaults:4 | Found Bisa's Weapon Shoppe.
 39263 | Vaults:5 | Entered Level 5 of the Vaults
 39268 | Vaults:5 | Killed by an exploding quicksilver dragon... ignited by
                  | their inner flame

Illustrated notes

Levels and vault maps discovered:
D:1:      dpeg_arrival_more_subterranean_lakeside_camping, layout_rooms,
          minmay_pentomino_t2
D:2:      minmay_evil_eye, layout_loops_ring
D:3:      layout_basic, mainiacjoe_overflow_catwalk,
          lemuel_zombie_altar_yredelemnul,
          hellmonk_ecumenical_altar_heavens_door, roderic_lattice_a,
          nrook_mini_vaults
D:4:      layout_rooms, lemuel_tele_altar, minmay_temple_entry_slanted,
          fountainhead, roderic_roman_lattice, uniq_robin, uniq_blork_the_orc
D:5:      layout_loops_corners, minitemple, mainiacjoe_ossuary_entry_dusty_tomb,
          goddamned_bats, uniq_duvessa
D:6:      layout_loops_ring, chequers_serial_rivers_micro_e,
          nicolae_hexahallways
D:7:      minmay_bubble_buster, layout_basic, serial_shops, shop
D:8:      layout_cave_pods, lair_entry_dummy, minmay_ruined_shrine
D:9:      layout_basic, kennysheep_slug_shrine, overflow_temple_1_default,
          lemuel_crystal_altar, orc_0_dummy, enter_bailey_5,
          minmay_hollow_rounded_squares
D:10:     kennysheep_windowed_halls, layout_basic, nzn_wu_jian_contemplation,
          eino_small_chamber_without_monster, minmay_shop_enchanted_jewellery,
          uniq_grum
D:11:     layout_loops_corners, hangedman_decor_opposing
D:12:     layout_grid_maze, special_room [special_room_orc],
          nicolae_gozag_cash_rules_everything_around_me
D:13:     layout_rooms, skrybe_vaults_entry_preservation, serial_shops,
          nicolae_shop_drivethru, portal_ice_cave_entry_ice_simulacra,
          nicolae_elyvilon_temple_path, uniq_rupert
D:14:     hellmonk_destroyed_diamonds, layout_loops_ring,
          trove_entry_hex_spiral, nrook_uturn
D:15:     gammafunk_enter_depths_forms, layout_loops_cross, minivault_25
Temple:   jpeg_temple_alley_garden
Lair:1:   layout_regular_city, grunt_forest_large_clearings, grunt_megastairs_5
Lair:2:   layout_regular_city, minmay_shoals_entry_beasts, basic_altar,
          disabler_island
Lair:3:   layout_cave_shapes, spider_nest_entry_web_field, basic_altar,
          nicolae_quartered_pool_little, eino_small_chamber_without_monster,
          st_stairs_4, minivault_24
Lair:4:   layout_long_grid, minmay_slime_entry_pillars, basic_altar
Lair:5:   due_jungle_book, layout_big_grid
Shoals:1: cheibrodos_shoals_three_sisters, layout_shoals,
          nicolae_shoals_the_drawing_of_the_three, uniq_kirke
Shoals:2: layout_shoals, nicolae_splish_splash
Shoals:3: layout_shoals
Shoals:4: shoals_end_grunt_ice, layout_shoals, nicolae_shoals_cliffside_cave,
          uniq_polyphemus, uniq_mlioglotl
Spider:1: layout_spider_delve
Spider:2: layout_chambers, nzn_ghost_randoct, hangedman_spider_mandibles,
          drop_trap
Spider:3: layout_chambers, nicolae_spider_swamp_cousins,
          hangedman_spider_tarantella_strand
Spider:4: grunt_spider_rune_circles, drop_trap, uniq_arachne, uniq_aizul
Orc:1:    layout_diamond_mine, uniq_urug, uniq_jorgrun
Orc:2:    st_orc_elflike, layout_caves, serial_shops, shop,
          guppyfry_orc_lava_fort, uniq_snorg
Elf:1:    layout_gridlike, minmay_elf_sorcery, minmay_shop_star,
          roderic_lattice_octagonal_star, lemuel_upstairs_altar, uniq_agnes
Vaults:1: nicolae_vaults_door_testing_chamber, vaults_room_large_hall,
          nicolae_vaults_stepped_doors, nicolae_vaults_three_branches,
          nicolae_vaults_yaktaur_gun_rack, layout_vaults_quadrants,
          uniq_asterion
Vaults:2: portal_desolation_entry_twin_temple,
          nicolae_vaults_shipping_containers_7, nicolae_vaults_triangles,
          nicolae_vaults_offset_grid_hallway_1, v_misc_8, vaults_dpeg_hooks,
          ontoclasm_vaults_chip, v_alt_pattern_3, serial_ice_b,
          nicolae_vaults_trapezoid_2, nicolae_vaults_variable_pillar_hall,
          nicolae_vaults_tetromino_Z_2, layout_vaults_omnicross, serial_shops,
          nicolae_diamond_shop
Vaults:3: v_misc_14, v_misc_8, nicolae_vaults_asterisk, vaults_room_ringed_pool,
          nicolae_vaults_closet_pinwheel_4, vaults_room_door_ring,
          grunt_vaults_twisty, nicolae_vaults_network_quincunx
          [nicolae_vaults_network_quincunx_subvault,
          nicolae_vaults_network_quincunx_subvault,
          nicolae_vaults_network_quincunx_subvault,
          nicolae_vaults_network_quincunx_subvault,
          nicolae_vaults_network_quincunx_subvault],
          minmay_crypt_entry_necro_gods, nicolae_vaults_cochlea,
          nicolae_vaults_heist, vaults_room_grunt_arrival_checkpoint,
          nicolae_vaults_specimen_jars, nicolae_vaults_little_squares_2,
          nicolae_vaults_angled_halls, vaults_room_pool,
          nicolae_vaults_mini_display_case, layout_vaults_omnibox
Vaults:4: nicolae_vaults_little_squares_3, nicolae_vaults_little_squares_6,
          nicolae_vaults_little_squares_6, nicolae_vaults_little_squares_4,
          vaults_standard_mumra_enter_the_diamond, v_rooms_4,
          hangedman_vaults_maws, nicolae_vaults_more_shelving_1,
          nicolae_vaults_asterisk, layout_vaults_chaotic_city, serial_shops,
          nicolae_square_shop
Vaults:5: serial_shops

Skill      XL: |  1  2  3  4  5  6  7  8  9 10 11 12 13 14 15 16 17 18 19 20 21 22 |
---------------+-------------------------------------------------------------------+-----
Polearms       | 3 4 5 6 8 9 10 11 | 11.1
Armour         | 4 5 7 9 10 12 13 15 16 17 18 19 20 | 20.8
Fighting       | 4 5 6 7 8 9 10 11 12 13 15 16 18 19 21 22 | 22.4
Shields        | 5 6 7 8 9 10 11 13 14 15 16 18 19 20 21 22 23 | 23.6
Invocations    | 2 4 6 8 9 10 | 10.2
Staves         | 3 6 9 11 12 14 15 16 | 16.7
Dodging        | 2 5 6 7 8 9 10 11 | 11.0

Action                     |  1- 3 |  4- 6 |  7- 9 | 10-12 | 13-15 | 16-18 | 19-21 | 22-24 || total
---------------------------+-------+-------+-------+-------+-------+-------+-------+-------++-------
  Melee: Trident           |   145 |   151 |   326 |   201 |     3 |       |       |       ||   826
         Halberd           |       |       |       |    24 |       |       |       |       ||    24
         Lajatang          |       |       |       |   197 |   623 |   924 |   582 |   343 ||  2669
         Demon trident     |       |       |       |       |    49 |    33 |       |       ||    82
 Invoke: Ancestor Identity |       |     1 |       |       |       |       |       |       ||     1
         Ancestor Life: Ba |       |       |     1 |       |       |       |       |       ||     1
         Idealise          |       |       |       |       |     6 |     3 |     3 |     6 ||    18
         Recall Ancestor   |       |       |       |       |     3 |     2 |     1 |     1 ||     7
Ability: Dig               |       |     2 |       |     2 |     3 |       |       |     1 ||     8
  Evoke: Wand              |       |       |       |     3 |     9 |     3 |     1 |       ||    16
    Use: Potion            |       |     1 |     4 |     6 |     6 |     1 |     5 |     3 ||    26
         Scroll            |       |     3 |     4 |     8 |     6 |    13 |     2 |     2 ||    38
   Stab: Distracted        |       |       |     3 |     7 |     5 |    18 |    15 |     4 ||    52
         Invisible         |       |       |       |     2 |       |       |       |       ||     2
         Sleeping          |       |       |       |       |     1 |     5 |     5 |     1 ||    12
         Petrified         |       |       |       |       |       |     2 |       |       ||     2
 Armour: Scale mail        |   112 |    25 |       |       |       |       |       |       ||   137
         Ring mail         |       |    51 |   213 |     7 |       |       |       |       ||   271
         Chain mail        |       |       |       |    94 |       |       |       |       ||    94
         Plate armour      |       |       |       |   147 |   356 |       |       |    83 ||   586
         Shadow dragon sca |       |       |       |       |    83 |   546 |   349 |   108 ||  1086
  Dodge: Dodged            |    61 |    53 |   137 |   112 |   468 |   475 |   270 |   145 ||  1721
  Block: Buckler           |    36 |    22 |    83 |    59 |       |       |       |       ||   200
         Kite shield       |       |       |       |    90 |   466 |   679 |   511 |   282 ||  2028
         Tower shield      |       |       |       |       |       |       |       |     6 ||     6

Table legend: (Time is in decaauts)
 A = Elapsed time spent in this place.
 B = Non-inter-level travel time spent in this place.
 C = Inter-level travel time spent in this place.
 D = Time resting spent in this place.
 E = Time spent auto-exploring this place.
 F = Levels seen in this place.
 G = Mean time per level.
                   A        B        C        D        E       F      G
               +--------+--------+--------+--------+--------+-----+--------+
         Total |  39071 |  35045 |   4026 |   1716 |  26232 |  40 |  976.8 |
       Dungeon |  15856 |  13612 |   2244 |    319 |  10986 |  15 | 1057.1 |
        Temple |     34 |      4 |     30 |      0 |      0 |   1 |   34.0 |
          Lair |   5184 |   4618 |    566 |    133 |   3446 |   5 | 1036.8 |
        Shoals |   3341 |   2972 |    369 |      0 |   2234 |   4 |  835.2 |
   Spider Nest |   5692 |   5301 |    391 |    399 |   3910 |   4 | 1423.0 |
  Orcish Mines |   2363 |   2210 |    153 |    707 |   1091 |   2 | 1181.5 |
   Elven Halls |    116 |    116 |      0 |      0 |     39 |   1 |  116.0 |
        Vaults |   5086 |   4816 |    270 |    126 |   3739 |   5 | 1017.2 |
         Trove |     89 |     89 |      0 |      0 |     59 |   1 |   89.0 |
       Ossuary |    507 |    507 |      0 |     32 |    193 |   1 |  507.0 |
        Bailey |    797 |    797 |      0 |      0 |    533 |   1 |  797.0 |
               +--------+--------+--------+--------+--------+-----+--------+

Top non-repeatable levels by time:
     D:9: 2164 daAuts
Spider:3: 1944 daAuts
    D:10: 1689 daAuts
   Orc:1: 1568 daAuts
  Lair:5: 1541 daAuts
Spider:2: 1525 daAuts
Vaults:4: 1442 daAuts
     D:8: 1332 daAuts
Vaults:1: 1329 daAuts
    D:12: 1261 daAuts
Spider:1: 1256 daAuts
    D:14: 1240 daAuts
Shoals:4: 1216 daAuts
     D:5: 1184 daAuts
Vaults:3: 1181 daAuts
